 Dungeon Crawl Stone Soup version 0.23-a0-85-g22930c1 (webtiles) character file.

279911 Amnesiac the Spry (level 20, -2/153 HPs)
             Began as a Mummy Air Elementalist on Aug 13, 2018.
             Was a Priest of Sif Muna.
             Slain by a merfolk
             ... wielding a +2 halberd of freezing
              (21 damage)
             ... on level 3 of the Shoals.
             The game lasted 02:02:06 (63281 turns).

Amnesiac the Spry (Mummy Air Elementalist)         Turns: 63281, Time: 02:02:07

Health: -2/153     AC: 16    Str: 13    XL:     20   Next: 4%
Magic:  3/46       EV: 10    Int: 27    God:    Sif Muna [***...]
Gold:   1101       SH:  0    Dex: 13    Spells: 6/46 levels left

rFire    + + +     SeeInvis .   a - staff of air
rCold    + . .     Gourm    .   g - +2 shield
rNeg     + + +     Faith    .   K - +5 leather armour "Hijaw" {*Drain rElec rF+++ Regen+}
rPois    ∞         Spirit   .   k - +0 helmet
rElec    +         Reflect  +   s - +2 cloak {rF+}
rCorr    .         Harm     .   w - +0 pair of gloves
MR       ++...                  e - +2 pair of boots
Stlth    +.........             x - brooch of Shielding {Reflect SH+8}
HPRegen  0.75/turn              C - ring "Zockopt" {*Corrode Int+6 Stlth-}
MPRegen  0.30/turn              L - ring of magical power

@: held, divine energy, deflect missiles
A: no food or potions, fire vulnerability, cold resistance 1, negative energy
resistance 3, torment resistance, unbreathing, in touch with death 1
}: 1/15 runes: serpentine
a: Stop Divine Energy, Channel Magic, Renounce Religion


You were on level 3 of the Shoals.
You worshipped Sif Muna.
Sif Muna was most pleased with you.
You were not hungry.

You visited 7 branches of the dungeon, and saw 35 of its levels.
You visited the Abyss 1 time.
You also visited: Ice Cave and Volcano.

You collected 4479 gold pieces.
You spent 3378 gold pieces at shops.

Inventory:

Armour
 e - a +2 pair of boots (worn)
 g - a +2 shield (worn)
 k - a +0 helmet (worn)
 s - a +2 cloak of fire resistance (worn)
 w - a +0 pair of gloves (worn)
 K - the +5 leather armour "Hijaw" (worn) {*Drain rElec rF+++ Regen+}
   (You found it on level 4 of the Lair of Beasts)

   It renders you almost immune to fire.
   It insulates you from electricity.
   It increases your rate of regeneration.
   It causes draining when unequipped.
Magical Staves
 a - an uncursed staff of air (weapon)
Jewellery
 j - an uncursed ring of see invisible
 m - an uncursed amulet of guardian spirit
 v - an uncursed ring of wizardry
 x - the brooch of Shielding (around neck) {Reflect SH+8}
   (You bought it in a shop on level 1 of the Snake Pit)

   [amulet of reflection]

   It shields you and reflects attacks.
   It affects your SH (+8).
 C - the ring "Zockopt" (left hand) {*Corrode Int+6 Stlth-}
   (You took it off a deep elf high priest on level 3 of the Elven Halls)

   [ring of attention]

   It affects your intelligence (+6).
   It may corrode you when you take damage.
   It makes you less stealthy.
 D - an uncursed ring of resist corrosion
 L - a ring of magical power (right hand)
Wands
 b - a wand of clouds (6)
 c - a wand of disintegration (13)
 f - a wand of polymorph (32)
 h - a wand of random effects (99)
 n - a wand of digging (20)
 B - a wand of enslavement (18)
 E - a wand of paralysis (12)
 F - a wand of acid (14)
 I - a wand of flame (52)
 J - a wand of iceblast (43)
Scrolls
 d - 12 scrolls of remove curse {!r}
 i - 11 scrolls of identify {!r}
 l - 3 scrolls of fog {!r}
 o - 3 scrolls of fear {!r}
 p - 5 scrolls of vulnerability {!r}
 q - 3 scrolls of summoning {!r}
 r - 3 scrolls of blinking {!r}
 t - 6 scrolls of magic mapping {!r}
 u - 2 scrolls of torment {!r}
 y - 2 scrolls of brand weapon {!r}
 z - 2 scrolls of enchant weapon {!r}
 G - 17 scrolls of teleportation {!r}
 H - a scroll of amnesia {!r}


   Skills:
 + Level 12.0 Fighting
 - Level 4.0 Staves
 - Level 15.0 Dodging
 - Level 1.5 Stealth
 * Level 12.4 Shields
 - Level 13.5 Spellcasting
 - Level 13.5 Conjurations
 - Level 13.5 Air Magic
 - Level 8.0 Invocations
 - Level 1.5 Evocations


You had 6 spell levels left.
You knew the following spells:

 Your Spells              Type           Power        Failure   Level  Hunger
a - Airstrike             Air            #######...   1%          4    N/A
b - Passwall              Tmut/Erth      ###.....     9%          2    N/A
d - Lightning Bolt        Conj/Air       #######...   1%          5    N/A
e - Deflect Missiles      Chrm/Air       ######....   45%         6    N/A
f - Chain Lightning       Conj/Air       #######...   80%         8    N/A
s - Conjure Ball Lightni  Conj/Air       #######...   3%          6    N/A
v - Blink                 Tloc           N/A          9%          2    N/A
w - Irradiate             Conj/Tmut      ######....   10%         5    N/A
z - Swiftness             Chrm/Air       ######..     1%          2    N/A

Your spell library contained the following spells:

 Spells                   Type           Power        Failure   Level  Hunger
 Magic Dart               Conj           ####         1%          1    N/A
 Fireball                 Conj/Fire      ######....   10%         5    N/A
 Conjure Flame            Conj/Fire      ######..     1%          3    N/A
 Bolt of Fire             Conj/Fire      ######....   45%         6    N/A
 Bolt of Cold             Conj/Ice       ######....   45%         6    N/A
 Bolt of Magma            Conj/Fire/Erth #####.....   24%         5    N/A
 Slow                     Hex            ###.....     9%          2    N/A
 Confuse                  Hex            ###.....     16%         3    N/A
 Throw Flame              Conj/Fire      ######       1%          2    N/A
 Throw Frost              Conj/Ice       ######       1%          2    N/A
 Freezing Cloud           Conj/Ice/Air   #######...   21%         6    N/A
 Mephitic Cloud           Conj/Pois/Air  #######.     1%          3    N/A
 Ring of Flames           Chrm/Fire      ###.......   100%        7    N/A
 Venom Bolt               Conj/Pois      ######....   10%         5    N/A
 Olgreb's Toxic Radiance  Pois           ###.....     47%         4    N/A
 Bolt of Draining         Conj/Necr      ######....   10%         5    N/A
 Fire Storm               Conj/Fire      ######....   100%        9    N/A
 Iskenderun's Mystic Bla  Conj           ######..     1%          4    N/A
 Animate Dead             Necr           N/A          47%         4    N/A
 Pain                     Necr           ####         5%          1    N/A
 Animate Skeleton         Necr           N/A          5%          1    N/A
 Vampiric Draining        Necr           ####......   16%         3    N/A
 Freeze                   Ice            ###.         5%          1    N/A
 Ozocubu's Refrigeration  Ice            ###.......   100%        6    N/A
 Sticky Flame             Conj/Fire      ######..     3%          4    N/A
 Summon Ice Beast         Ice/Summ       ###.....     47%         4    N/A
 Ozocubu's Armour         Chrm/Ice       ###.....     16%         3    N/A
 Call Imp                 Summ           ###.....     9%          2    N/A
 Dispel Undead            Necr           ####....     83%         5    N/A
 Regeneration             Chrm/Necr      ####......   16%         3    N/A
 Sublimation of Blood     Necr           ####......   9%          2    N/A
 Corpse Rot               Necr           N/A          9%          2    N/A
 Iron Shot                Conj/Erth      ######....   45%         6    N/A
 Stone Arrow              Conj/Erth      ######       1%          3    N/A
 Shock                    Conj/Air       ####         1%          1    N/A
 Agony                    Necr           ####....     83%         5    N/A
 Spider Form              Tmut/Pois      ###.......   16%         3    N/A
 Statue Form              Tmut/Erth      ###......    100%        6    N/A
 Ice Form                 Ice/Tmut       ###.....     47%         4    N/A
 Dragon Form              Tmut           ###.......   100%        7    N/A
 Confusing Touch          Hex            ###...       5%          1    N/A
 Flame Tongue             Conj/Fire      #####        1%          1    N/A
 Ignite Poison            Fire/Tmut/Pois ###.....     16%         3    N/A
 Call Canine Familiar     Summ           ###.....     16%         3    N/A
 Metabolic Englaciation   Hex/Ice        ###.......   83%         5    N/A
 Summon Butterflies       Summ           ###.....     5%          1    N/A
 Silence                  Hex/Air        ######....   10%         5    N/A
 Static Discharge         Conj/Air       #######.     1%          3    N/A
 Alistair's Intoxication  Tmut/Pois      ###.....     83%         5    N/A
 Lee's Rapid Deconstruct  Erth           ###.......   83%         5    N/A
 Sandblast                Erth           ###...       5%          1    N/A
 Simulacrum               Ice/Necr       ####......   100%        6    N/A
 Excruciating Wounds      Chrm/Necr      ####......   83%         5    N/A
 Petrify                  Tmut/Erth      ###.....     47%         4    N/A
 Orb of Destruction       Conj           ######....   19%         7    N/A
 Tornado                  Air            #######...   100%        9    N/A
 Leda's Liquefaction      Hex/Erth       ###.......   47%         4    N/A
 Summon Hydra             Summ           ###.......   100%        7    N/A
 Inner Flame              Hex/Fire       ###.....     16%         3    N/A
 Iskenderun's Battlesphe  Conj/Chrm      ######..     10%         5    N/A
 Dazzling Spray           Conj/Hex       ######       1%          3    N/A
 Force Lance              Conj/Tloc      ######..     3%          4    N/A
 Spectral Weapon          Hex/Chrm       ###.....     16%         3    N/A
 Summon Forest            Summ/Tloc      ###.......   83%         5    N/A
 Summon Lightning Spire   Summ/Air       ######..     3%          4    N/A
 Spellforged Servitor     Conj/Summ      ######....   96%         7    N/A
 Summon Mana Viper        Hex/Summ       ###.....     83%         5    N/A
 Hydra Form               Tmut           ###.......   100%        6    N/A
 Gell's Gravitas          Tloc           ###.......   16%         3    N/A
 Yara's Violent Unravell  Hex/Tmut       ###.......   83%         5    N/A
 Poisonous Vapours        Pois/Air       ######       1%          2    N/A

Dungeon Overview and Level Annotations

Branches:
Dungeon (15/15)            Temple (1/1) D:5            Lair (6/6) D:9
 Shoals (4/4) Lair:2        Snake (4/4) Lair:2        Slime (0/5) Lair:6
    Orc (2/2) D:10            Elf (3/3) Orc:2        Vaults (0/5) D:14
 Depths (0/5) D:15

Altars:
Ashenzari
Cheibriados
Dithmenos
Elyvilon
Fedhas
Gozag
Hepliaklqana
Kikubaaqudgha
Makhleb
Nemelex Xobeh
Okawaru
Qazlal
Ru
Sif Muna
Trog
Uskayaw
Vehumet
Wu Jian
Xom
Yredelemnul
Zin
The Shining One
Beogh

Shops:
D:12 (   D:14 [   Orc:2 ([?*   Elf:1 [   Elf:3 (   Snake:1 }==


Innate Abilities, Weirdness & Mutations

You do not eat or drink.
Your flesh is vulnerable to fire.
You are immune to poison.
Your flesh is cold resistant. (rC+)
You are immune to negative energy. (rN+++)
You are immune to unholy pain and torment.
You can survive without breathing.
You are in touch with the powers of death.


Message History

The water elemental resists.
The water elemental is heavily damaged.
The blast of lightning engulfs the merfolk aquamancer.
You kill the merfolk aquamancer!
Sif Muna accepts your kill.
The blast of lightning engulfs the water elemental.
The water elemental resists.
You destroy the water elemental!
Sif Muna accepts your kill.
The blast of lightning engulfs your ball lightning.
Your ball lightning completely resists.
The blast of lightning engulfs you! You resist.
* * * LOW HITPOINT WARNING * * *
The blast of lightning engulfs the sea snake.
The sea snake is almost dead.
Your ball lightning explodes!
The blast of lightning engulfs the sea snake.
You kill the sea snake!
Sif Muna accepts your kill. The blast of lightning engulfs you! You resist.
* * * LOW HITPOINT WARNING * * *
The blast of lightning engulfs the water elemental.
The water elemental resists.
The water elemental is severely damaged.
Casting: Conjure Ball Lightning (safe; 3% risk of failure)
Confirm with . or Enter, or press ? or * to list all spells.
Aiming: Airstrike (safe; 1% risk of failure)
Press: ? - help, Dir - move target cursor, f - water elemental
Aim: a water elemental (severely damaged)
You feel a surge of power!
The air twists around and strikes the water elemental!
The water elemental is almost destroyed.
Sif Muna grants you divine energy.
You briefly lose access to your magic!
The water elemental barely misses you.
You hit the water elemental.
You destroy the water elemental!
Sif Muna accepts your kill.
There is a stone staircase leading down here.
You climb downwards.
A merfolk and a water nymph come into view.
The water nymph shouts!
The merfolk shouts!
You block the merfolk's attack.
The water nymph gives up.
The merfolk closely misses you.
The water nymph flows with the water.
The snapping turtle closely misses you.
There is a stone staircase leading up here.
Unknown command.
You block the merfolk's attack.
The merfolk hits you but does no damage.
The snapping turtle completely misses you.
The merfolk impaler hits you from afar with a trident of venom!
* * * LOW HITPOINT WARNING * * *
You block the merfolk's attack.
You climb upwards.
You regain access to your magic.
There is a stone staircase leading down here.
The merfolk misses you. You block the merfolk's attack.
The merfolk throws a throwing net.
The throwing net hits you.
You become entangled in the net!
Things that are here:
a throwing net; a morningstar You struggle against the net.
The merfolk hits you from afar with a halberd of freezing!!
You die...

≈≈≈≈≈≈≈≈≈≈≈≈≈≈≈≈≈≈≈
≈≈≈≈≈≈≈≈≈≈≈≈≈≈≈≈≈≈≈≈
≈≈≈≈≈≈≈≈≈≈≈≈≈≈≈≈≈≈≈≈≈
≈≈≈≈≈≈≈....≈≈≈≈≈≈≈≈≈≈≈≈≈≈≈≈
≈≈≈#...#...≈≈≈≈≈≈≈≈≈≈≈≈≈≈≈≈ ≈≈
#≈..#...≈≈≈≈≈≈≈≈≈≈≈≈≈≈≈≈≈ ≈≈≈
#...##..≈≈≈≈≈≈≈≈≈≈≈≈≈≈≈≈≈
≈≈≈≈#....##..≈≈≈≈≈≈≈≈≈≈≈≈≈≈≈≈
≈≈≈≈##..((##@≈≈≈≈≈≈≈≈≈≈≈≈≈≈≈≈
≈≈≈≈≈##.(..#..≈≈≈≈≈≈≈≈≈≈≈≈≈≈≈
≈≈≈P≈≈##(..#mm>≈≈≈≈≈≈≈≈≈≈≈≈≈≈
≈≈≈≈≈≈.#.).#..[..≈≈≈≈≈≈≈≈≈≈≈≈ ≈≈
≈P≈P≈≈.)..)#.......≈≈≈≈≈≈≈≈≈. ≈≈≈
≈P≈≈≈≈.#)..#........≈≈≈≈≈≈... ≈≈≈
≈≈P≈≈≈##..(#.........≈≈≈≈≈(.#
≈≈≈≈≈≈≈P≈##...(#..........P.≈≈.##
≈≈≈≈PPP≈##....##........P≈.....##


You could see 2 merfolk.

Vanquished Creatures
  The ghost of Zeury the Slayer, a veteran MiBe of Trog (Elf:1)
  Vashnia (Snake:3)
  A deep elf blademaster (Elf:3)
  Asterion (Elf:2)
  2 deep elf master archers (Elf:3)
  Polyphemus (Shoals:2)
  Kirke (D:15)
  Roxanne (Elf:1)
  Ilsuiw (Shoals:1)
  A fire giant (D:12)
  A frost giant (IceCv)
  18 nagarajas
  3 deep elf sorcerers (Elf:3)
  An orc warlord (Orc:2)
  Louise (Shoals:2)
  6 deep elf elementalists (Elf:3)
  A deep elf demonologist (Elf:3)
  The ghost of Agefrepn the Bludgeoner, a journeyman MiFi of Zin (D:13)
  Azrael (D:15)
  The ghost of Todyroat the Unseen, a journeyman SpVM of Gozag (Shoals:1)
  A lorocyproca (Abyss:3)
  9 deep elf annihilators
  4 merfolk javelineers
  3 deep elf death magi
  A fire dragon (Lair:6)
  2 ettins
  Snorg (Lair:6)
  Josephine (D:15)
  2 ogre magi
  6 merfolk impalers
  3 vault guards (D:14)
  A deep elf high priest (Elf:3)
  3 hydras
  26 naga warriors
  3 merfolk avatars
  5 two-headed ogres
  A centaur warrior (D:14)
  3 merfolk aquamancers
  A catoblepas (Shoals:2)
  25 dancing weapons
  6 anacondas
  10 death yaks
  2 alligator snapping turtles
  3 tengu warriors
  A satyr (Shoals:3)
  14 naga sharpshooters
  4 shock serpents
  2 orc high priests (Orc:2)
  A fire crab (Lair:6)
  19 deep elf knights
  A small abomination (Elf:2)
  An anaconda zombie (Abyss:3)
  5 sea snakes
  A sixfirhy (Abyss:3)
  An unseen horror (D:13)
  6 wizards
  9 naga ritualists
  An orc knight (D:15)
  A wolf spider zombie (D:14)
  10 harpies
  Pikel (D:7)
  A lindwurm (Orc:2)
  6 mana vipers
  7 deep elf archers
  50 deep elf magi
  A wolf spider (shapeshifter) (D:15)
  10 fauns
  15 ugly things
  7 manticores
  2 orc sorcerers (Orc:2)
  8 salamanders
  2 cyclopes
  A centaur zombie (D:14)
  5 toenail golems (Volcano)
  4 merfolk sirens
  6 elephants (Lair:4)
  37 black mambas
  5 guardian serpents
  An ice statue (IceCv)
  19 naga magi
  2 water nymphs
  3 molten gargoyles (Lair:6)
  10 komodo dragons
  5 spiny frogs
  3 efreet
  A gargoyle (D:10)
  A yaktaur (D:14)
  6 rime drakes
  2 kobold demonologists (D:14)
  2 ice devils (Lair:5)
  A queen bee (Lair:6)
  13 polar bears (IceCv)
  6 trolls
  6 meliai
  26 merfolk
  2 hornets (shapeshifter) (Elf:2)
  4 wind drakes
  11 hippogriffs
  4 slime creatures (D:10)
  7 dream sheep (Lair:5)
  10 blink frogs
  A meliai zombie (D:12)
  4 snapping turtles
  Sigmund (D:3)
  5 wraiths
  3 shadows
  A spriggan (shapeshifter) (D:15)
  A spriggan (Lair:4)
  9 water elementals
  44 yaks
  Eustachio (D:4)
  3 air elementals
  5 fire bats (D:12)
  A ynoxinul (Abyss:3)
  3 basilisks
  17 humans (D:14)
  4 wyverns
  7 fire elementals
  2 neqoxecs (Abyss:3)
  4 hungry ghosts
  2 large abominations (Abyss:3)
  7 vampire mosquitoes
  Menkaure (D:6)
  3 steam dragons (Lair:6)
  3 wargs
  77 nagas
  An acid dragon (D:15)
  6 hell hounds
  6 water moccasins
  The ghost of nikopol the Magician, an amateur DEFE (D:4)
  14 porcupines
  5 ice beasts
  2 sky beasts
  27 orc warriors
  A hornet zombie (D:5)
  A black bear (D:9)
  A necrophage (D:9)
  3 phantoms
  10 ogres
  34 wolves
  15 centaurs
  6 crocodiles
  Blork the orc (D:6)
  2 big kobolds
  19 bullfrogs
  An earth elemental (Elf:1)
  A wyvern zombie (D:9)
  5 scorpions
  35 killer bees
  4 wights (D:9)
  2 electric eels
  A howler monkey (D:4)
  A bullfrog zombie (D:11)
  3 crimson imps
  5 lava snakes (Lair:6)
  A quasit (D:9)
  5 centaur skeletons
  23 orc priests
  2 bullfrog skeletons
  15 hounds
  16 jellies
  Ijyb (D:4)
  Jessica (D:3)
  6 iguanas
  Natasha (thrice) (D:4)
  7 worker ants
  7 hell rats (Lair:5)
  23 orc wizards
  8 adders
  5 shadow imps
  An ufetubus (Abyss:3)
  10 oozes
  An adder zombie (D:9)
  3 worms (D:2)
  A dart slug (D:1)
  12 leopard geckos
  90 orcs
  6 giant cockroaches
  8 goblins
  7 hobgoblins
  6 jackals
  9 quokkas
  A ball python (D:2)
  2 bats (D:1)
  2 frilled lizards (D:1)
  A giant cockroach zombie (D:6)
  A jackal skeleton (D:4)
  12 kobolds
  A quokka zombie (D:5)
  11 rats
  A bush (Lair:4)
  6 fungi
  36 plants
1330 creatures vanquished.

Vanquished Creatures (collateral kills)
  A ball lightning (Elf:3)
1 creature vanquished.

Vanquished Creatures (others)
  A dancing weapon (Elf:3)
  4 naga sharpshooters
  3 deep elf archers
  A deep elf mage (Elf:1)
  A salamander (Snake:1)
  389 ball lightnings
  A komodo dragon (Lair:6)
  A redback zombie (D:15)
  A harpy skeleton (D:15)
  2 humans (D:15)
  A hog (D:15)
  A naga (Snake:3)
  A centaur (D:13)
  12 fungi
  11 plants
430 creatures vanquished.

Grand Total: 1761 creatures vanquished

Notes
Turn   | Place    | Note
-------+----------+-------------------------------------------
     0 | D:1      | Amnesiac the Mummy Air Elementalist began the quest for the Orb.
     0 | D:1      | Reached XP level 1. HP: 13/13 MP: 4/4
   147 | D:2      | Found a blossoming altar of Fedhas.
   169 | D:3      | Found a faded altar of an unknown god.
   178 | D:3      | Noticed Jessica
   189 | D:3      | Killed Jessica
   189 | D:3      | Reached XP level 2. HP: 19/19 MP: 1/6
   189 | D:3      | Reached XP level 3. HP: 24/24 MP: 1/7
   467 | D:3      | Reached XP level 4. HP: 28/30 MP: 4/9
   475 | D:3      | Learned a level 4 spell: Airstrike
   532 | D:4      | Noticed a phantom
   609 | D:4      | Noticed Ijyb
   806 | D:5      | Entered Level 5 of the Dungeon
   806 | D:5      | Noticed a phantom
   889 | D:4      | Found a transporter.
   892 | D:4      | Noticed an orc warrior
   892 | D:4      | Noticed nikopol's ghost (amateur DEFE)
   893 | D:4      | Found a transporter.
   902 | D:4      | Noticed an ogre
   928 | D:4      | Reached XP level 5. HP: 35/35 MP: 4/11
  1178 | D:4      | Noticed an ogre
  1207 | D:4      | Killed an ogre
  1495 | D:4      | Noticed Natasha
  1708 | D:4      | Killed Natasha
  1708 | D:4      | Reached XP level 6. HP: 41/41 MP: 4/13
  1823 | D:4      | Reached skill level 5 in Air Magic
  1939 | D:4      | Killed Ijyb
  1939 | D:4      | Reached skill level 5 in Spellcasting
  2084 | D:4      | Noticed Eustachio
  2105 | D:4      | Killed Eustachio
  2462 | D:4      | Reached XP level 7. HP: 43/46 MP: 9/15
  2689 | D:4      | Noticed Natasha
  2692 | D:4      | Killed Natasha
  2932 | D:4      | Noticed Natasha
  2934 | D:4      | Killed Natasha
  3615 | D:5      | Found a staircase to the Ecumenical Temple.
  3624 | Temple   | Entered the Ecumenical Temple
  3835 | Temple   | Became a worshipper of Sif Muna the Loreminder
  4397 | D:2      | Reached XP level 8. HP: 30/52 MP: 5/18
  4831 | D:1      | Reached * piety under Sif Muna
  5508 | D:3      | Noticed Sigmund
  5513 | D:3      | Killed Sigmund
  5962 | D:4      | Killed nikopol's ghost
  6214 | D:6      | Learned a level 2 spell: Passwall
  6250 | D:6      | Reached ** piety under Sif Muna
  6382 | D:6      | Found a white marble altar of Elyvilon.
  6386 | D:6      | Found a shadowy altar of Dithmenos.
  6391 | D:6      | Found an ornate altar of the Wu Jian Council.
  6697 | D:6      | Found a glowing golden altar of the Shining One.
  6703 | D:6      | Noticed Menkaure
  6707 | D:6      | Killed Menkaure
  6707 | D:6      | Reached XP level 9. HP: 57/57 MP: 0/21
  6825 | D:6      | Noticed Blork the orc
  6839 | D:6      | Killed Blork the orc
  7496 | D:7      | Reached *** piety under Sif Muna
  7687 | D:7      | Noticed Pikel
  7697 | D:7      | Killed Pikel
  7814 | D:7      | Reached skill level 10 in Air Magic
  7995 | D:7      | Reached skill level 10 in Spellcasting
  8124 | D:8      | Learned a level 5 spell: Lightning Bolt
  8736 | D:8      | Reached XP level 10. HP: 63/63 MP: 15/24
  9063 | D:9      | Reached **** piety under Sif Muna
  9469 | D:9      | Found a stormy altar of Qazlal.
  9575 | D:9      | Found a staircase to the Lair.
  9748 | D:10     | Entered Level 10 of the Dungeon
  9910 | D:10     | Noticed a gargoyle
  9921 | D:10     | Killed a gargoyle
 10037 | D:10     | HP: 3/63 [killer bee (8)]
 10335 | D:10     | Reached ***** piety under Sif Muna
 10335 | D:10     | Identified Neliuw's Collected Works on Unholy Magic and Snow (Sif Muna gifted it to you on level 10 of the Dungeon)
 10335 | D:10     | Received a gift from Sif Muna
 10600 | D:10     | Reached XP level 11. HP: 61/68 MP: 7/26
 10928 | D:10     | Found a staircase to the Orcish Mines.
 10960 | D:10     | Found an iron altar of Okawaru.
 11120 | D:10     | Noticed a two-headed ogre
 11132 | D:10     | Killed a two-headed ogre
 11160 | D:10     | Reached skill level 1 in Invocations
 11424 | D:10     | Reached skill level 1 in Shields
 12064 | Orc:1    | Entered Level 1 of the Orcish Mines
 12327 | Orc:2    | Entered Level 2 of the Orcish Mines
 12360 | Orc:2    | Found a dark tunnel.
 12360 | Orc:2    | Noticed a lindwurm
 12366 | Orc:2    | Killed a lindwurm
 12400 | Volcano  | Entered a volcano
 12495 | Volcano  | Noticed a wizard
 12499 | Volcano  | Killed a wizard
 12522 | Volcano  | Noticed a wizard
 12526 | Volcano  | Killed a wizard
 12526 | Volcano  | Reached skill level 1 in Fighting
 12526 | Volcano  | Reached skill level 2 in Dodging
 12562 | Volcano  | Noticed a wizard
 12571 | Volcano  | Killed a wizard
 12571 | Volcano  | Reached skill level 3 in Dodging
 12787 | Volcano  | Noticed a wizard
 12945 | Volcano  | Noticed a wizard
 12960 | Volcano  | Killed a wizard
 12960 | Volcano  | Reached skill level 4 in Dodging
 13008 | Volcano  | Killed a wizard
 13008 | Volcano  | Reached XP level 12. HP: 68/81 MP: 10/28
 13222 | Volcano  | Reached skill level 5 in Dodging
 13546 | Orc:2    | Found a roughly hewn altar of Beogh.
 13796 | Orc:2    | Noticed an orc high priest
 14095 | Orc:2    | Noticed an orc warlord
 14134 | Orc:2    | Killed an orc warlord
 14144 | Orc:2    | Reached skill level 6 in Dodging
 14639 | Orc:2    | Found Edolaaxt's Antique Armour Shop.
 14640 | Orc:2    | Found a roughly hewn altar of Beogh.
 14643 | Orc:2    | Found Inkept's Antique Weapon Boutique.
 14861 | Orc:2    | Noticed an orc high priest
 14987 | Orc:2    | Reached skill level 5 in Fighting
 15214 | Orc:2    | Killed an orc high priest
 15412 | Orc:2    | Killed an orc high priest
 15462 | Orc:2    | Found a staircase to the Elven Halls.
 16489 | Orc:2    | Found a roughly hewn altar of Beogh.
 16547 | Orc:2    | Found a roughly hewn altar of Beogh.
 16671 | Orc:2    | Found a roughly hewn altar of Beogh.
 16718 | Orc:2    | Found a roughly hewn altar of Beogh.
 16787 | Orc:2    | Found a roughly hewn altar of Beogh.
 16792 | Orc:2    | Found Duarunt's Magic Scroll Boutique.
 16797 | Orc:2    | Bought a scroll of noise for 15 gold pieces
 16934 | Orc:2    | Found a roughly hewn altar of Beogh.
 16939 | Orc:2    | Found Puischiv's General Store.
 17009 | Orc:2    | Bought a glowing robe for 81 gold pieces
 17070 | Elf:1    | Entered Level 1 of the Elven Halls
 17081 | Elf:1    | Identified Vuixucs's Disquisition on Lightness (Sif Muna gifted it to you on level 1 of the Elven Halls)
 17081 | Elf:1    | Received a gift from Sif Muna
 17081 | Elf:1    | Reached skill level 7 in Dodging
 17089 | Orc:2    | Learned a level 3 spell: Mephitic Cloud
 17096 | Orc:2    | Learned a level 6 spell: Conjure Ball Lightning
 17860 | Elf:1    | Gained mutation: You are in touch with the powers of death. [Mummy growth]
 17860 | Elf:1    | Reached XP level 13. HP: 93/93 MP: 20/29
 17938 | Elf:1    | Found Ciuzobay's Antique Armour Shoppe.
 17946 | Elf:1    | Bought a pair of gloves for 135 gold pieces
 17975 | Elf:1    | Noticed Roxanne
 18839 | Elf:1    | Reached skill level 8 in Dodging
 20240 | Elf:1    | Killed Roxanne
 20250 | Elf:1    | Learned a level 5 spell: Irradiate
 20452 | Elf:1    | Reached skill level 1 in Conjurations
 20558 | Elf:2    | Noticed a deep elf annihilator
 20568 | Elf:2    | Killed a deep elf annihilator
 21704 | Elf:2    | Found a runed door.
 21704 | Elf:2    | Noticed Zeury's ghost (veteran MiBe)
 21843 | Elf:1    | Learned a level 2 spell: Swiftness
 22074 | Elf:1    | Reached skill level 1 in Evocations
 22079 | Elf:1    | Reached skill level 5 in Conjurations
 22221 | Elf:1    | Identified Sif Muna's Papyrus of Arcane Weapons (Sif Muna gifted it to you on level 1 of the Elven Halls)
 22221 | Elf:1    | Received a gift from Sif Muna
 22301 | Elf:2    | Got a warped tin amulet
 22306 | Elf:2    | Identified the amulet "Geosis" {Inacc Str+3} (You found it on level 2 of the Elven Halls)
 22386 | Elf:2    | Reached XP level 14. HP: 37/101 MP: 0/31
 22725 | Elf:2    | Learned a level 8 spell: Chain Lightning
 23428 | Elf:2    | Reached skill level 5 in Invocations
 23439 | Elf:2    | Found a runed gate.
 23439 | Elf:2    | Found a runed gate.
 23440 | Elf:2    | Found a runed gate.
 24502 | Elf:2    | Noticed Asterion
 24710 | Elf:3    | Identified a paperback manual
 24710 | Elf:3    | Entered Level 3 of the Elven Halls
 24726 | Elf:3    | Found Soget's Antique Weapon Shop.
 25305 | Elf:3    | Noticed a deep elf sorcerer
 25336 | Elf:3    | Cast into level 3 of the Abyss (a deep elf sorcerer)
 25463 | Abyss:3  | Identified Sif Muna's Incunabulum of Aerial Combat Magic (Sif Muna gifted it to you on level 3 of the Abyss)
 25463 | Abyss:3  | Received a gift from Sif Muna
 25482 | Abyss:3  | Learned a level 6 spell: Deflect Missiles
 25567 | Abyss:3  | Reached XP level 15. HP: 50/107 MP: 7/32
 25707 | Abyss:3  | Noticed an Executioner
 25767 | Elf:3    | Escaped the Abyss
 25768 | Elf:3    | Killed a deep elf sorcerer
 26427 | Elf:3    | Reached skill level 10 in Conjurations
 26932 | Elf:3    | Noticed a deep elf sorcerer
 26934 | Elf:3    | Killed a deep elf sorcerer
 26935 | Elf:3    | Noticed a deep elf master archer
 26936 | Elf:3    | Killed a deep elf master archer
 26979 | Elf:3    | Noticed a Brimstone Fiend
 26997 | Elf:3    | Noticed a deep elf sorcerer
 27009 | Elf:3    | Killed a deep elf sorcerer
 27906 | Elf:3    | Got a bloodstained troll leather armour
 27921 | Elf:3    | Noticed a deep elf master archer
 27927 | Elf:3    | Killed a deep elf master archer
 28020 | Elf:3    | Noticed a deep elf blademaster
 28034 | Elf:3    | Killed a deep elf blademaster
 28124 | Elf:3    | Got a scorched ring mail
 28129 | Elf:3    | Got a glittering brass ring
 28204 | Elf:3    | Got a crystal battleaxe {elec}
 28277 | Elf:3    | Got a steaming chain mail
 28282 | Elf:3    | Got an iridescent short sword {pain}
 28285 | Elf:3    | Identified the +5 short sword of Debt {pain, Int+4 Dex+4} (You took it off a deep elf death mage on level 3 of the Elven Halls)
 28304 | Elf:3    | Identified the +0 troll leather armour "Xiquax Kiti" {Regen+ Str+5} (You took it off a deep elf sorcerer on level 3 of the Elven Halls)
 28314 | Elf:3    | Identified the +0 ring mail of Naujikk {rCorr Int+2} (You took it off a deep elf blademaster on level 3 of the Elven Halls)
 28327 | Elf:3    | Identified the ring "Zockopt" {*Corrode Int+6 Stlth-} (You took it off a deep elf high priest on level 3 of the Elven Halls)
 28393 | Elf:3    | Got an ancient whip
 28401 | Elf:3    | Identified the Disquisition on Arcane Weapons
 28403 | Elf:3    | Identified Xafex's Grimoire of Virous Transmigration
 28411 | Elf:3    | Identified the +9 whip of Abuse {flame, Dex+6} (You found it on level 3 of the Elven Halls)
 28651 | Elf:2    | Killed Asterion
 28654 | Elf:2    | Reached XP level 16. HP: 39/113 MP: 15/33
 29875 | D:12     | Found a shimmering altar of Xom.
 30776 | D:12     | Found Fyggamep's Antique Weapon Shop.
 31031 | D:13     | Identified Sif Muna's Incunabulum of Entrancing Heat (Sif Muna gifted it to you on level 13 of the Dungeon)
 31031 | D:13     | Received a gift from Sif Muna
 31805 | D:13     | Found a runed door.
 31811 | D:13     | Noticed Agefrepn's ghost (journeyman MiFi)
 32181 | D:13     | Reached skill level 1 in Staves
 32311 | D:13     | Killed Agefrepn's ghost
 32799 | Elf:1    | Found Ciuzobay's Antique Armour Shoppe.
 33511 | Elf:1    | Killed Zeury's ghost
 34022 | D:14     | Learned a level 2 spell: Blink
 34553 | D:14     | Got a polished rapier {freeze}
 34560 | D:14     | Identified the cursed +1 rapier "Pim Oxuwyto" {freeze, rC+ Int+3} (You took it off a kobold on level 14 of the Dungeon)
 34584 | D:14     | Reached skill level 5 in Shields
 34613 | D:14     | Reached skill level 9 in Dodging
 35060 | D:14     | Found Likaot's Antique Armour Emporium.
 35068 | D:14     | Bought a shiny buckler for 292 gold pieces
 35303 | Orc:2    | Bought a scroll of fear for 52 gold pieces
 35303 | Orc:2    | Bought 2 scrolls of magic mapping for 105 gold pieces
 35303 | Orc:2    | Bought a scroll of teleportation for 45 gold pieces
 35303 | Orc:2    | Bought a scroll of teleportation for 45 gold pieces
 35303 | Orc:2    | Bought a scroll of teleportation for 45 gold pieces
 35303 | Orc:2    | Bought a scroll of magic mapping for 52 gold pieces
 35303 | Orc:2    | Bought a scroll of blinking for 112 gold pieces
 35835 | D:14     | Found a gate to the Vaults.
 35980 | D:15     | Entered Level 15 of the Dungeon
 36018 | D:15     | Found a shadowy altar of Dithmenos.
 36031 | D:15     | Noticed Josephine
 36736 | D:15     | Killed Josephine
 36941 | D:15     | Noticed Kirke
 36949 | D:15     | Killed Kirke
 37179 | D:15     | Got a polished long sword {flame}
 37180 | D:15     | Identified the +6 long sword of Defence by Offence {flame, *Contam MP-9 Int+8 Dex+4} (You took it off an efreet on level 15 of the Dungeon)
 37618 | D:15     | Reached skill level 10 in Dodging
 37648 | D:15     | Reached XP level 17. HP: 122/122 MP: 1/34
 37937 | D:15     | Found a staircase to the Depths.
 37948 | D:15     | Noticed Azrael
 37953 | D:15     | Killed Azrael
 38307 | Lair:1   | Entered Level 1 of the Lair of Beasts
 38611 | Lair:1   | Found a snail-covered altar of Cheibriados.
 39504 | Lair:2   | Found a staircase to the Shoals.
 39638 | Lair:2   | Found a staircase to the Snake Pit.
 41748 | Lair:4   | Got a bloodstained leather armour
 41794 | Lair:4   | Identified the +5 leather armour "Hijaw" {*Drain rElec rF+++ Regen+} (You found it on level 4 of the Lair of Beasts)
 41956 | Lair:4   | Reached skill level 11 in Dodging
 42211 | Lair:4   | Got a heavily runed ring mail
 42498 | Lair:5   | Found a frozen archway.
 42641 | IceCv    | Entered an ice cave
 43971 | IceCv    | Reached skill level 12 in Dodging
 44923 | Lair:6   | Entered Level 6 of the Lair of Beasts
 45822 | Lair:6   | Noticed Snorg
 45828 | Lair:6   | Killed Snorg
 46063 | Lair:6   | Found a staircase to the Slime Pits.
 46426 | Lair:6   | Found a large runed door.
 46426 | Lair:6   | Found a large runed door.
 46480 | Lair:6   | Got a crude hand axe
 46491 | Lair:6   | Identified the +1 ring mail of Ysez {Dex+4} (You found it on level 4 of the Lair of Beasts)
 46493 | Lair:6   | Identified the +7 hand axe of Indomitability {elec, *Drain rPois rC+ Str+7} (You found it on level 6 of the Lair of Beasts)
 47726 | Snake:1  | Entered Level 1 of the Snake Pit
 47730 | Snake:1  | Reached skill level 13 in Dodging
 48515 | Snake:1  | Got a smoking falchion {slice}
 48524 | Snake:1  | Got a slimy leather armour
 48525 | Snake:1  | Identified the +1 falchion of Runuqi {slice, *Corrode Fragile +Fly rPois Str+4} (You took it off a naga on level 1 of the Snake Pit)
 48527 | Snake:1  | Identified the +2 leather armour of Fortification {MR+} (You found it on level 1 of the Snake Pit)
 48688 | Snake:1  | Reached XP level 18. HP: 107/132 MP: 2/35
 49389 | Snake:1  | Got an ichor-stained rapier {speed}
 49390 | Snake:1  | Identified the +5 rapier of Bogruuwn {speed, MR++ Stlth-} (You took it off a naga on level 1 of the Snake Pit)
 49631 | Snake:1  | Identified Sif Muna's Collected Works on Confrontation (Sif Muna gifted it to you on level 1 of the Snake Pit)
 49631 | Snake:1  | Received a gift from Sif Muna
 50014 | Snake:1  | Reached skill level 14 in Dodging
 50144 | Snake:1  | Found a bloodstained altar of Trog.
 50583 | Snake:1  | Found Asul's Jewellery Shop.
 50584 | Snake:1  | Found Roaniesy's Gadget Shoppe.
 50585 | Snake:1  | Found Titila's Jewellery Shop.
 50989 | Snake:1  | Bought the brooch of Shielding {Reflect SH+8} for 2019 gold pieces
 50989 | Snake:1  | Found the brooch of Shielding {Reflect SH+8}
 50989 | Snake:1  | Bought an uncursed ring of magical power for 380 gold pieces
 53606 | Snake:3  | Reached skill level 15 in Dodging
 54376 | Snake:3  | Noticed Vashnia
 54411 | Snake:3  | Killed Vashnia
 55024 | Snake:4  | Entered Level 4 of the Snake Pit
 57199 | Snake:4  | Reached XP level 19. HP: 92/140 MP: 0/36
 57444 | Snake:4  | Reached skill level 10 in Fighting
 57881 | Snake:4  | Reached skill level 10 in Shields
 59092 | Snake:4  | Got a serpentine rune of Zot
 59304 | Shoals:1 | Entered Level 1 of the Shoals
 59708 | Shoals:1 | Found a transporter.
 59713 | Shoals:1 | Noticed Todyroat's ghost (journeyman SpVM)
 59748 | Shoals:1 | Found a transporter.
 60529 | Shoals:1 | Killed Todyroat's ghost
 60540 | Shoals:1 | Got a warped lapis lazuli ring
 60659 | Shoals:2 | Noticed Louise
 60672 | Shoals:2 | Killed Louise
 60700 | Shoals:1 | Identified the ring of Karien {Fire rN+ Slay+3} (You took it off a merfolk on level 1 of the Shoals)
 60863 | Shoals:2 | Noticed Ilsuiw
 61184 | Shoals:1 | Killed Ilsuiw
 61578 | Shoals:2 | Noticed Polyphemus
 61591 | Shoals:2 | Killed Polyphemus
 63245 | Shoals:4 | Entered Level 4 of the Shoals
 63251 | Shoals:4 | Reached XP level 20. HP: 122/153 MP: 22/37
 63281 | Shoals:3 | Slain by a merfolk

Vault maps used:
D:1:      eino_arrival_water_star
D:2:      fedhas_altar_2, minmay_tromino_v4_b
D:3:      first_ration, chequers_ecumenical_altar_island, feat_on_display,
          uniq_sigmund, uniq_jessica
D:4:      gammafunk_ghost_arena, uniq_natasha, uniq_eustachio, uniq_ijyb
D:5:      minmay_temple_entry_poolview
D:6:      overflow_temple_1_default, minmay_overflow_temple_star_quad,
          uniq_blork_the_orc, uniq_menkaure
D:7:      uniq_pikel
D:8:      hangedman_little_slice_of_home, minmay_misc_feat_room
D:9:      nicolae_overflow_crystal_walls, lair_entry_dummy, serial_undead,
          serial_undead_f, serial_undead_d, serial_undead_b, serial_undead_e
D:10:     orc_0_dummy, st_stairs_7, minmay_crystal_water, okawaru_trees_1
D:12:     minmay_firetagon, basic_altar, serial_shops, shop
D:13:     ebering_ghost_inner_flame
D:14:     grunt_vaults_entry_tiered, roderic_serpentine_path, serial_shops,
          nicolae_shop_crystal
D:15:     hangedman_depths_entry_civil_slaughter,
          nicolae_dithmenos_shadow_blocks, uniq_azrael, uniq_josephine,
          uniq_kirke
Temple:   regret_index_temple_sphere_string
Lair:1:   basic_altar, serial_bayou_lagoon_a, infiniplex_staircase_pool_2,
          serial_bayou_shore_b
Lair:2:   minmay_shoals_entry_lonely_mermaid, guppyfry_snake_entry_garden,
          serial_bayou_shore_b
Lair:3:   beast_lair_carwin_9
Lair:4:   grunt_forest_large_clearing_hut, grunt_megastairs_3
Lair:5:   portal_ice_cave_demonic_guard
Lair:6:   cheibrodos_lair_end_hotspot, minmay_slime_entry_jelly_boxes,
          special_room, uniq_snorg
Shoals:1: gammafunk_ghost_arena
Shoals:2: uniq_polyphemus, uniq_ilsuiw, uniq_louise
Shoals:3: nicolae_shoals_wave_tunnel
Shoals:4: shoals_end_simple, shoals_ilsuiw_ice, nicolae_shoals_water_shrine
Snake:1:  basic_altar, minmay_shop_grove
Snake:3:  grunt_megastairs_2, serial_bayou_shore_b, uniq_vashnia
Snake:4:  grunt_snake_rune_spirals
Orc:2:    grunt_orc_community_town_hall, grunt_orc_community_big_house_2,
          grunt_orc_community_big_house_2, grunt_orc_community_house_1,
          grunt_orc_community_house_2, grunt_orc_community_house_1,
          grunt_orc_community_house_3, grunt_orc_community_house_3,
          grunt_orc_community_house_3, basic_altar,
          nicolae_volcano_entry_vermiform
Elf:1:    eino_elf_arrival_shootout, serial_shops, shop, minivault_28,
          uniq_roxanne
Elf:2:    gammafunk_ghost_grave, uniq_asterion
Elf:3:    minmay_elf_hall_dome, serial_shops,
          nicolae_shop_temple_entry_statues_fountains
Abyss:3:  minivault_24
Abyss:4:  minivault_5, evilmike_abyss_rune_tso_outpost, evilmike_abyss_exit_7
IceCv:    ice_cave_caverns_01
Volcano:  volcano_bunker

Skill      XL: |  1  2  3  4  5  6  7  8  9 10 11 12 13 14 15 16 17 18 19 |
---------------+----------------------------------------------------------+-----
Spellcasting   | 3 4 5 6 8 10 11 12 13 | 13.5
Air Magic      | 3 4 5 6 8 10 11 12 13 | 13.5
Invocations    | 1 4 7 8 |  8.0
Shields        | 4 5 6 9 12 | 12.4
Fighting       | 3 6 8 9 12 | 12.0
Dodging        | 4 7 8 10 13 15 | 15.0
Conjurations   | 5 9 13 | 13.5
Evocations     | 1 |  1.5
Staves         | 4 |  4.0
Stealth        | |  1.5

Action                   |  1- 3 |  4- 6 |  7- 9 | 10-12 | 13-15 | 16-18 | 19-21 || total
-------------------------+-------+-------+-------+-------+-------+-------+-------++-------
Melee: Short sword       |    14 |     3 |       |       |       |       |       ||    17
       Hand axe          |       |    11 |     5 |       |       |       |       ||    16
       Great sword       |       |       |    45 |       |       |       |       ||    45
       Staff             |       |       |    25 |    26 |    30 |   312 |   116 ||   509
 Cast: Shock             |    21 |    64 |    11 |       |       |       |       ||    96
       Airstrike         |       |    12 |   196 |   462 |   471 |  1194 |   247 ||  2582
       Lightning Bolt    |       |       |       |    34 |    35 |    94 |    54 ||   217
       Conjure Ball Ligh |       |       |       |       |    15 |    86 |    67 ||   168
       Mephitic Cloud    |       |       |       |       |     1 |       |       ||     1
       Swiftness         |       |       |       |       |     2 |     3 |       ||     5
       Deflect Missiles  |       |       |       |       |     1 |     9 |     1 ||    11
       Passwall          |       |       |       |       |     1 |     1 |       ||     2
       Irradiate         |       |       |       |       |     1 |       |       ||     1
       Chain Lightning   |       |       |       |       |       |     4 |     3 ||     7
       Blink             |       |       |       |       |       |     2 |       ||     2
Invok: Divine Energy     |       |       |     1 |       |       |       |       ||     1
       Channel Magic     |       |       |       |     1 |    14 |     7 |     9 ||    31
       Forget Spell      |       |       |       |       |     1 |       |       ||     1
  Use: Scroll            |       |     1 |     9 |     6 |     6 |    17 |     4 ||    43
Armor: Ring mail         |    12 |       |       |       |       |       |       ||    12
       Robe              |       |    10 |    22 |    20 |    36 |    12 |       ||   100
       Leather armour    |       |       |       |       |       |   103 |    44 ||   147
Dodge: Dodged            |    19 |    88 |    73 |    85 |   108 |   395 |   167 ||   935
       Deflected         |       |       |     1 |     5 |    24 |    78 |    49 ||   157
Block: Other             |       |       |    13 |     8 |       |       |       ||    21
       Buckler           |       |       |       |    49 |    83 |   265 |   232 ||   629
       Reflection        |       |       |       |     3 |    21 |    90 |    75 ||   189
       Shield            |       |       |       |       |       |   351 |    35 ||   386
       Rpst.: Great sword |       |       |    10 |       |       |       |       ||    10

Table legend:
 A = Non-vault XP
 B = Vault XP
 C = Vault XP percentage of total XP
 D = Non-vault monster count
 E = Vault monster count
 F = Vault count percentage of total count
 G = Total turns spent on level
                 A         B        C        D         E       F
            +---------+---------+-------+---------+---------+-------
      Total |  235590 |  244188 |  50.9 |     789 |     512 |  39.4
            +---------+---------+-------+---------+---------+-------
        D:1 |      51 |       0 |   0.0 |      27 |       0 |   0.0
        D:2 |      63 |       0 |   0.0 |      23 |       0 |   0.0
        D:3 |     146 |     260 |  64.0 |      17 |       2 |  10.5
        D:4 |     480 |     683 |  58.7 |      19 |       7 |  26.9
        D:5 |     576 |       0 |   0.0 |      15 |       0 |   0.0
        D:6 |     699 |     272 |  28.0 |      13 |       2 |  13.3
        D:7 |    1182 |     629 |  34.7 |      26 |       1 |   3.7
        D:8 |     359 |     163 |  31.2 |      11 |       8 |  42.1
        D:9 |    1723 |     369 |  17.6 |      29 |       6 |  17.1
       D:10 |    6652 |     367 |   5.2 |      49 |       1 |   2.0
       D:11 |    1417 |       0 |   0.0 |      20 |       0 |   0.0
       D:12 |    3400 |    2844 |  45.5 |      27 |       6 |  18.2
       D:13 |    7916 |    2483 |  23.9 |      28 |       2 |   6.7
       D:14 |   11454 |    8021 |  41.2 |      27 |      26 |  49.1
       D:15 |   10857 |   10449 |  49.0 |      33 |      15 |  31.2
     Lair:1 |    5573 |       0 |   0.0 |      26 |       0 |   0.0
     Lair:2 |    1550 |     637 |  29.1 |       5 |       2 |  28.6
     Lair:3 |    8508 |     846 |   9.0 |      21 |       5 |  19.2
     Lair:4 |    7375 |    3159 |  30.0 |      25 |      14 |  35.9
     Lair:5 |    4644 |     682 |  12.8 |      22 |       2 |   8.3
     Lair:6 |    2121 |   13318 |  86.3 |      13 |      71 |  84.5
   Shoals:1 |   15211 |    9442 |  38.3 |      32 |      12 |  27.3
   Shoals:2 |    5770 |   12141 |  67.8 |       9 |      11 |  55.0
   Shoals:3 |   13042 |    2992 |  18.7 |      27 |       9 |  25.0
   Shoals:4 |    3563 |     467 |  11.6 |       7 |       1 |  12.5
    Snake:1 |   28802 |       0 |   0.0 |      51 |       0 |   0.0
    Snake:2 |    7972 |     593 |   6.9 |      17 |       1 |   5.6
    Snake:3 |   19552 |   10368 |  34.7 |      37 |       9 |  19.6
    Snake:4 |   12398 |   57363 |  82.2 |      21 |      87 |  80.6
      Orc:1 |     842 |       0 |   0.0 |      16 |       0 |   0.0
      Orc:2 |    1492 |    7498 |  83.4 |      16 |      74 |  82.2
      Elf:1 |    9127 |   16716 |  64.7 |      15 |      18 |  54.5
      Elf:2 |   19453 |   27822 |  58.9 |      29 |      35 |  54.7
      Elf:3 |   17542 |   34203 |  66.1 |      26 |      22 |  45.8
    Abyss:3 |    4078 |       0 |   0.0 |      10 |       0 |   0.0
      IceCv |       0 |   12528 | 100.0 |       0 |      52 | 100.0
    Volcano |       0 |    6873 | 100.0 |       0 |      11 | 100.0
            +---------+---------+-------+---------+---------+-------
